 Dungeon Crawl Stone Soup version 0.30-a0-702-gdf48620a09 (webtiles) character file.

Game seed: 5900486020214867394

833 Alitron123 the Cudgeller (level 7, -1/44 HPs)
             Began as a Gargoyle Berserker on Jan 21, 2023.
             Was a Priest of Trog.
             Killed from afar by an orc wizard (6 damage)
             ... with a puff of flame
             ... on level 5 of the Dungeon.
             The game lasted 00:06:41 (3559 turns).

Alitron123 the Cudgeller (Gargoyle Berserker)       Turns: 3559, Time: 00:06:41

Health: -1/44      AC: 16    Str: 29    XL:     7   Next: 98%
Magic:  7/7        EV:  9    Int:  7    God:    Trog [***...]
Gold:   172        SH:  0    Dex:  9    Spells: 6/6 levels left

rFire   . . .      SeeInvis .    n - +3 flail
rCold   . . .      Faith    .    (no shield)
rNeg    + . .      Spirit   .    s - +0 chain mail
rPois   ∞          Reflect  .    (no helmet)
rElec   +          Harm     .    m - +1 cloak
rCorr   .          Rampage  .    (no gloves)
Will    .....                    (no boots) Stlth
                                 (no amulet)
HPRegen 0.27/turn                h - +6 ring of strength
MPRegen 0.10/turn                (no ring)

@: confused, on berserk cooldown, slowed, very slow
A: sickness immunity, AC +4, negative energy resistance 1, electricity
resistance, torment resistance 1, petrification resistance
a: Renounce Religion, Berserk, Trog's Hand


You were on level 5 of the Dungeon.
You worshipped Trog.
Trog was most pleased with you.
You visited 1 branch of the dungeon, and saw 5 of its levels.
You also visited: Sewer.

You collected 172 gold pieces.

Inventory:

Hand Weapons
 a - a +0 mace
 n - a +3 flail (weapon)
 r - a +0 flail of protection
 C - the +7 dagger "Poaz" {vamp, rPois rC+ Str+2 Stlth+}
   (You found it on level 5 of the Dungeon)

   Str:       It affects your strength (+2).
   rC:        It protects you from cold.
   rPois:     It protects you from poison.
   Stlth:     It makes you more stealthy.
Missiles
 i - a throwing net
Armour
 m - a +1 cloak (worn)
 s - a +0 chain mail (worn)
Jewellery
 h - a +6 ring of strength (left hand)
 x - an amulet of magic regeneration
Wands
 q - a wand of roots (14) (quivered)
 w - a wand of paralysis (7)
 y - a wand of digging (1)
Scrolls
 b - a scroll of teleportation
 e - 2 scrolls of vulnerability {unknown}
 g - 2 scrolls of enchant weapon {unknown}
 j - a scroll of noise {unknown}
 k - 2 scrolls of acquirement
 o - a scroll of butterflies {unknown}
 v - a scroll of enchant armour {unknown}
 z - a scroll of identify
 A - a scroll of fear {unknown}
Potions
 c - a potion of ambrosia {unknown}
 d - 3 potions of haste {unknown}
 f - 3 potions of might {unknown}
 l - 3 potions of heal wounds {unknown}
 p - a potion of cancellation {unknown}
 t - 2 potions of invisibility {unknown}
 u - 2 potions of curing {unknown}
 B - a potion of lignification {unknown}


   Skills:
 + Level 5.0 Fighting
 + Level 6.7 Maces & Flails
 + Level 4.7 Armour
 + Level 2.9 Dodging
 + Level 0.8 Stealth


You had 6 spell levels left.
You didn't know any spells.
Your spell library was empty.

Dungeon Overview and Level Annotations

Branches:
Dungeon (5/15)             Temple (0/1) D:4           Sewer (visited)

Altars:
Gozag
Trog
Vehumet
Zin

Shops:
D:4 =[   D:5 *


Innate Abilities, Weirdness & Mutations

You are immune to sickness and miasma.
Your stone body is resilient. (AC +4)
You are immune to poison.
You resist negative energy. (rN+)
You are resistant to electric shocks. (rElec)
You are resistant to unholy torment.
You are immune to petrification.


Message History

The orc closely misses you. The orc hits you but does no damage.
Something hits you.
You thump the orc priest!
The orc priest is severely wounded.
You are no longer berserk.
You are exhausted.
You feel yourself slow down.
The orc priest hits you with a +0 flail.
The orc closely misses you. The orc completely misses you.
Something hits you but does no damage.
You closely miss the orc.
The orc priest hits you with a +0 flail.
The orc hits you but does no damage. x2; Something hits you but does no damage. x2
The orc misses you.
The orc priest hits you with a +0 flail.
The orc hits you but does no damage.
You sock the orc!
You kill the orc!
Trog accepts your kill.
An orc wizard appears from thin air!
Reactivating autopickup.
The orc priest calls down the wrath of Beogh upon you.
Beogh smites you!
* * * LOW HITPOINT WARNING * * *
The orc wizard hits you but does no damage.
The orc hits you but does no damage.
You hit the orc priest but do no damage.
The orc priest is severely wounded.
The orc priest barely misses you. The orc hits you with a +0 club.
* * * LOW HITPOINT WARNING * * *
The orc wizard hits you but does no damage.
The orc priest barely misses you.
The orc wizard points at you and mumbles some strange words.
You are confused.
The orc completely misses you.
The orc priest attacks as you move away!
The orc priest hits you but does no damage.
The orc wizard points at you and mumbles some strange words.
The puff of flame hits you.
You die...

..................#
.8...<..#................
.#................###..##.
....∩..!.#............##
...................#.##
..>...8...#........# #
......... ##.......#
........####......##
...../..o@........#
........#o.......##
........)o......##
..........#.#.#.#
..........#######
..........# ...........
............ ...###...


You could see an orc priest, an orc wizard and an orc.

Vanquished Creatures
  Edmund (D:4)
  A water moccasin (D:5)
  Pargi (Sewer)
  An ice beast (D:5)
  2 scorpions (D:5)
  A hound (D:5)
  A jelly (D:5)
  2 iguanas (D:4)
  5 gnolls
  4 adders
  A river rat (D:4)
  5 dart slugs
  7 orcs
  5 bats
  9 endoplasms
  3 giant cockroaches
  10 goblins
  8 hobgoblins
  11 jackals
  3 quokkas (D:4)
  9 ball pythons
  6 frilled lizards
  6 kobolds
  7 rats
109 creatures vanquished.

Vanquished Creatures (others)
  5 plants (D:4)
5 creatures vanquished.

Grand Total: 114 creatures vanquished

Notes
Turn   | Place    | Note
-------+----------+-------------------------------------------
     0 | D:1      | Alitron123 the Gargoyle Berserker began the quest for the
                  | Orb.
     0 | D:1      | Reached XP level 1. HP: 14/14 MP: 1/1
    88 | D:1      | Reached XP level 2. HP: 3/19 MP: 2/2
   462 | D:1      | Reached XP level 3. HP: 22/23 MP: 3/3
   598 | D:1      | Reached ** piety under Trog
   960 | D:2      | Reached XP level 4. HP: 28/29 MP: 4/4
  1107 | D:2      | Found a radiant altar of Vehumet.
  1161 | D:2      | Reached skill level 4 in Maces & Flails
  1648 | D:2      | Identified a scroll of acquirement
  2462 | D:4      | Noticed Edmund
  2470 | D:4      | Killed Edmund
  2471 | D:4      | Reached XP level 5. HP: 33/33 MP: 5/5
  2471 | D:4      | Reached XP level 6. HP: 38/38 MP: 6/6
  2557 | D:4      | Reached skill level 5 in Maces & Flails
  2581 | D:4      | Found a glowing drain.
  2606 | D:4      | Reached *** piety under Trog
  2658 | Sewer    | Entered a sewer
  2721 | Sewer    | Noticed Pargi
  2733 | Sewer    | Killed Pargi
  2876 | D:4      | Found Ivoowi's One-of-a-Kind Rings.
  2914 | D:4      | Found a glowing silver altar of Zin.
  3021 | D:4      | Reached XP level 7. HP: 33/44 MP: 7/7
  3093 | D:4      | Found an opulent altar of Gozag.
  3153 | D:4      | Found a bloodstained altar of Trog.
  3293 | D:4      | Found Kofariul's Antique Armour Boutique.
  3321 | D:4      | Found a staircase to the Ecumenical Temple.
  3436 | D:5      | Entered Level 5 of the Dungeon
  3440 | D:5      | Reached skill level 6 in Maces & Flails
  3525 | D:5      | Identified the +7 dagger "Poaz" {vamp, rPois rC+ Str+2
                  | Stlth+}
  3530 | D:5      | Found Daosm's General Store.
  3548 | D:5      | Reached skill level 5 in Fighting
  3559 | D:5      | Killed from afar by an orc wizard

Illustrated notes

Levels and vault maps discovered:
D:1:      heliophobic_arrival_henge, layout_basic
D:2:      layout_loops_corners, basic_altar
D:3:      layout_basic
D:4:      layout_rooms, nicolae_overflow_hidden_temple,
          pdpol_temple_overflow_zin_treasury_gozag_greed, trog_hazing_becter,
          temple_hall, portal_sewer_entry_a, serial_shops, shop,
          minmay_strange_pillars, serial_bayou_lagoon_a,
          nicolae_shop_unique_rings, uniq_edmund
D:5:      layout_cave_pools, old_standard_altar, serial_shops,
          kennysheep_mini_moat, shop, nicolae_shop_hallway_plus,
          nicolae_stop_n_shop_1, nicolae_shop_bloodbath_and_beyond, uniq_pikel

Skill      XL: |  1  2  3  4  5  6  7 |
---------------+----------------------+-----
Dodging        | 2 |  2.9
Fighting       | 4 5 |  5.0
Maces & Flails | 4 5 6 |  6.7
Armour         | 3 4 |  4.7
Stealth        | |  0.8

Action                   |  1- 3 |  4- 6 |  7- 9 || total
-------------------------+-------+-------+-------++-------
Melee: Mace              |    84 |    58 |       ||   142
       Flail             |       |   114 |    51 ||   165
       Punch             |       |     1 |     2 ||     3
Invok: Berserk           |     1 |     3 |     1 ||     5
  Use: Scroll            |       |     3 |       ||     3
Armor: Animal skin       |    18 |       |       ||    18
       Ring mail         |    27 |    48 |       ||    75
       Chain mail        |       |    60 |    47 ||   107
Dodge: Dodged            |    68 |   106 |    44 ||   218

Table legend: (Time is in decaauts)
 A = Elapsed time spent in this place.
 B = Non-inter-level travel time spent in this place.
 C = Inter-level travel time spent in this place.
 D = Time resting spent in this place.
 E = Time spent auto-exploring this place.
 F = Levels seen in this place.
 G = Mean time per level.
                   A        B        C        D        E       F      G
               +--------+--------+--------+--------+--------+-----+--------+
         Total |   3660 |   3436 |    224 |      0 |   2631 |   6 |  610.0 |
       Dungeon |   3478 |   3254 |    224 |      0 |   2533 |   5 |  695.6 |
         Sewer |    182 |    182 |      0 |      0 |     97 |   1 |  182.0 |
               +--------+--------+--------+--------+--------+-----+--------+

Top non-repeatable levels by time:
     D:2: 927 daAuts
     D:4: 856 daAuts
     D:1: 798 daAuts
     D:3: 774 daAuts
   Sewer: 182 daAuts
     D:5: 120 daAuts
